 Dungeon Crawl Stone Soup version 0.17-a0-4-gb793c6d (console) character file.

509132 Monkaria the Conqueror (level 24, -1/256 HPs)
             Began as a Minotaur Chaos Knight on Mar 4, 2015.
             Was the Champion of Lugonu.
             Slain by a phantasmal warrior (6 damage)
             ... summoned by a lich
             ... on level 3 of the Depths.
             The game lasted 06:24:21 (75427 turns).

Monkaria the Conqueror (Minotaur Chaos Knight)     Turns: 75427, Time: 06:24:21

Health: -1/256     AC: 46    Str: 20      XL:     24   Next: 27%
Magic:  31/34      EV: 14    Int: 11 (12) God:    Lugonu [******]
Gold:   3062       SH:  0    Dex: 19 (20) Spells: 0 memorised, 23 levels left

rFire  + . .     SeeInvis .     K - +0 great sword (flame)
rCold  + . .     Clarity  .     a - +1 gold dragon armour
rNeg   . . .     SustAb   .     (no shield)
rPois  +         Gourm    +     S - +0 hat {Int+3}
rElec  .         Spirit   .     r - +2 cloak {+Inv}
rCorr  .         Warding  .     N - +2 pair of gloves {Dex+3}
rMut   .         Stasis   .     q - +2 pair of boots
MR     +....                    m - amulet of the gourmand
Stlth  ..........               (no ring)
                                l - +5 ring of protection

@: about to teleport, somewhat resistant to hostile enchantments, extremely
unstealthy
A: retaliatory headbutt, horns 2, rugged brown scales 1, thin metallic scales 1,
blurry vision 1, breathe flames 1, deterioration 1, mutation resistance 1, sense
surroundings 1, poison resistance, regeneration 1, weak 1, MP-powered wands 1
a: Depart the Abyss, Bend Space, Banish, Corrupt, Enter the Abyss, Renounce
Religion, Breathe Fire, Evoke Invisibility
}: 2/15 runes: serpentine, barnacled


You were on level 3 of the Depths.
You worshipped Lugonu.
Lugonu was exalted by your worship.
You were very full.

You visited 9 branches of the dungeon, and saw 48 of its levels.
You visited the Abyss 11 times.
You visited 1 bazaar.
You also visited: Sewer and Ice Cave.

You collected 7025 gold pieces.
You spent 3376 gold pieces at shops.

Inventory:

Hand weapons
 b - a +7 blowgun
 F - the +8 falchion of Laceration {freeze, rElec Str+4}
   (You bought it in a shop on level 4 of the Orcish Mines)

   It has been specially enchanted to freeze those struck by it, causing extra
   injury to most foes and up to half again as much damage against particularly
   susceptible opponents.
   It can also slow down cold-blooded creatures.
   It affects your strength (+4).
   It insulates you from electricity.
 K - a +0 great sword of flaming (weapon)
 W - a +1 lajatang of pain
Missiles
 y - 90 poisoned needles
 O - 57 tomahawks (quivered)
Armour
 a - a +1 gold dragon armour (worn)
 q - a +2 pair of boots (worn)
 r - a +2 cloak of invisibility (worn)
 N - a +2 pair of gloves of dexterity (worn)
 S - a +0 hat of intelligence (worn)
Jewellery
 f - an uncursed ring of protection from magic
 l - a +5 ring of protection (left hand)
 m - an amulet of the gourmand (around neck)
 J - an uncursed ring of protection from magic
Magical devices
 d - a wand of heal wounds (4)
 g - a wand of cold (10)
 k - a wand of teleportation (3)
 u - a wand of disintegration (8)
 I - a wand of paralysis (4)
 Q - a wand of paralysis (13)
 T - a wand of slowing (37)
 U - a wand of slowing (18)
Scrolls
 e - 12 scrolls of teleportation
 h - 20 scrolls of remove curse
 n - 7 scrolls of fear
 p - 2 scrolls of magic mapping
 t - 3 scrolls of enchant weapon
 v - 10 scrolls of blinking
 z - a scroll of torment
 B - 4 scrolls of identify
 D - 11 scrolls of fog
 M - a scroll of recharging
Potions
 i - 10 potions of curing
 j - 2 potions of flight
 o - 6 potions of heal wounds
 s - 5 potions of berserk rage
 w - 6 potions of agility
 A - 5 potions of invisibility
 E - 10 potions of might
 G - 7 potions of haste
 R - 3 potions of magic
 V - 3 potions of ambrosia
 Y - 5 potions of resistance
Miscellaneous
 x - a lamp of fire
 C - a legendary deck of changes {drawn: 1}
 L - a lamp of fire
Comestibles
 c - 31 bread rations
 H - 3 meat rations
 P - a slice of pizza


   Skills:
 O Level 27 Fighting
 - Level 23.0 Long Blades
 - Level 10.0 Throwing
 + Level 24.4 Armour
 - Level 16.2 Dodging
   Level 4.1 Shields
 - Level 12.0 Invocations
 - Level 14.4 Evocations


You had 23 spell levels left.
You didn't know any spells.

Dungeon Overview and Level Annotations

Branches:
Dungeon (15/15)            Temple (1/1) D:6            Lair (8/8) D:8
 Shoals (5/5) Lair:4        Snake (5/5) Lair:6        Slime (0/6) Lair:8
    Orc (4/4) D:10            Elf (3/3) Orc:4        Vaults (4/5) D:14
  Crypt (0/3) Vaults:2     Depths (3/5) D:15

Altars:
Ashenzari
Cheibriados
Dithmenos
Elyvilon
Fedhas
Gozag
Kikubaaqudgha
Makhleb
Nemelex Xobeh
Okawaru
Qazlal
Ru
Sif Muna
Trog
Vehumet
Xom
Yredelemnul
Zin
The Shining One
Jiyva
Lugonu

Shops:
D:5 :   D:6 }   D:10 (   D:12 }   Orc:2 }   Orc:3 *(   Orc:4 (((   Elf:2 [
Shoals:1 %   Vaults:2 (   Vaults:4 (   Depths:1 (%

Portals:
Hell: Depths:1 Depths:2 Depths:3
Abyss: Depths:1 Depths:2 Depths:3
Ziggurat: Depths:3

Annotations:
Vaults:3 corrupted
Depths:2 exclusion: ice statue


Innate Abilities, Weirdness & Mutations

You reflexively headbutt those who attack you in melee.
You have a pair of horns on your head.
You are partially covered in rugged brown scales (AC +1, +3% HP).
You are partially covered in thin metallic scales (AC +2).
Scrolls take you a little longer to read.
You can breathe flames.
Your body is slowly deteriorating.
You are somewhat resistant to further mutation.
You passively map a small area around you.
Your system is resistant to poisons.
Your natural rate of healing is unusually fast.
You are weak. (Str -2)
You expend magic power (3 MP) to slightly strengthen your wands.


Message History

Okay, then.
Evoke which item? (* to show all) (? for menu, Esc to quit)
Zapping:
d - a wand of heal wounds (5)
Press: ? - help, Shift-Dir - straight line, f - you You feel much better.
This wand has 4 charges left.
You feel yourself speed up. The freezing wraith barely misses you.
You furiously retaliate!
You headbutt the freezing wraith!
The freezing wraith hits you but does no damage.
The hellion barely misses you.
The phantasmal warrior hits you but does no damage.
The phantom blinks!
The balrug gestures at you. Something smites you!
* * * LOW HITPOINT WARNING * * *
The enormous slime creature hits you!!
* * * LOW HITPOINT WARNING * * *
The phantasmal warrior hits you.
You die...
Xom titters!

* .....# , , ,,*#. .....[. * *
,, ♣. .......* #♣##♣# * * ♣.
.......###....♣ *,, , #.
#.......#......## , ,,, #♣. *,
#...)(.....2♣ * * ** *##..
*,#.....###..L2#♣##♣####♣#♣##...
##....# ###.J2W............##.
###.## ###@W...........###. ##*
#§W.....≈≈≈.....#.
###§................
#..)[.....#.........
###.....§.#.......##
#........#......#
##...W...##......#
#.....#######..### ##..### ####


You could see a lich, a reaper, a balrug, an enormous slime creature, 2
phantasmal warriors, a freezing wraith, a hellion and a phantom.

Vanquished Creatures
  A shard shrike (Depths:2)
  A golden dragon (Depths:2)
  2 profane servitors (Abyss:1)
  Jory (Depths:3)
  2 bone dragons (Abyss:1)
  Nikola (Elf:1)
  A tentacled monstrosity (Depths:2)
  2 liches
  3 deep elf blademasters
  A quicksilver dragon (Depths:1)
  Asterion (Snake:4)
  2 deep elf master archers (Elf:3)
  The ghost of WhatIsLove the Hoplite, a mighty FoFi of Qazlal (Depths:2)
  2 krakens
  An octopode crusher (Depths:3)
  A sphinx (Vaults:4)
  20 tentacled starspawn (Abyss:1)
  Agnes (Shoals:4)
  2 shadow dragons (Depths:1)
  3 Executioners
  Kirke (D:15)
  2 thorn hunters (Depths:3)
  2 storm dragons (Depths:2)
  Roxanne (Shoals:4)
  Ilsuiw (Shoals:5)
  3 fire giants
  8 vault wardens
  Wiglaf (Depths:1)
  8 greater nagas (Snake:5)
  An orc warlord (Vaults:3)
  7 frost giants
  2 iron dragons (Depths:2)
  Aizul (Snake:4)
  10 deep elf sorcerers
  An angel (Abyss:1)
  2 cacodemons (Abyss:1)
  3 emperor scorpions
  A reaper (Depths:2)
  9 ironheart preservers
  5 very ugly things
  2 spriggan defenders (Depths:3)
  8 stone giants
  The ghost of wvc the Spry, a powerful HEHu of Okawaru (Orc:3)
  A draconian shifter (Abyss:1)
  A salamander firebrand (Depths:2)
  3 deep elf annihilators
  15 deep elf demonologists
  The ghost of kober the Black Belt, a powerful MfTm of Qazlal (Lair:5)
  2 red draconians (Abyss:1)
  3 dire elephants (Depths:2)
  A lorocyproca (Abyss:1)
  2 blizzard demons (Abyss:1)
  5 ettins
  A green death (Abyss:1)
  A crystal guardian (Vaults:2)
  5 fire dragons
  5 deep elf death magi
  8 merfolk javelineers
  3 vault guards
  32 slime creatures
  7 deep elf high priests
  Josephine (D:11)
  2 minotaurs
  4 merfolk impalers
  6 yaktaur captains
  11 ogre magi
  5 hydras
  2 jiangshi (Depths:2)
  Harold (D:10)
  6 ice dragons
  A great orb of eyes (Depths:3)
  12 naga warriors
  3 rakshasas
  10 centaur warriors
  A spriggan air mage (Depths:3)
  A merfolk avatar (Shoals:1)
  8 anacondas
  4 deep troll earth magi
  2 alligator snapping turtles
  A catoblepas (D:13)
  7 merfolk aquamancers
  2 deep troll shamans (Vaults:4)
  2 satyrs (Shoals:4)
  4 death yaks
  17 dancing weapons (Elf:2)
  2 tengu warriors
  2 vampire magi
  3 hell hogs (Abyss:1)
  15 naga sharpshooters
  8 thrashing horrors (Abyss:1)
  4 shock serpents
  Urug (Orc:4)
  5 sun demons
  2 fire crabs (Vaults:3)
  2 spriggan berserkers (Depths:2)
  5 salamander mystics
  Nergalle (Lair:3)
  3 soul eaters
  2 orc high priests
  9 wretched stars (Abyss:1)
  3 shadow wraiths
  15 skeletal warriors
  3 ice devils
  The ghost of Antondotnet the Magician, an experienced DrWz of Ashenzari (D:8)
  14 sea snakes
  2 spatial maelstroms (Abyss:1)
  21 deep trolls
  5 wizards
  Erolcha (D:11)
  A golden dragon zombie (Abyss:1)
  A flayed ghost (Vaults:3)
  5 giant orange brains
  8 hill giants
  35 deep elf knights
  4 naga ritualists
  4 unseen horrors
  A shadow demon (Abyss:1)
  3 ice statues (IceCv)
  2 necromancers
  5 mana vipers
  15 deep elf conjurers
  15 deep elf summoners
  12 harpies
  20 ironbrand convokers
  13 orc knights
  3 wolf spiders
  32 ugly things
  A draconian (shapeshifter) (D:13)
  6 orc sorcerers
  12 cyclopes
  A fire giant zombie (D:15)
  10 griffons
  2 hornets
  9 water nymphs
  6 manticores
  4 guardian serpents
  8 sixfirhies (Abyss:1)
  A stone giant zombie (Abyss:1)
  6 fauns
  5 phantasmal warriors
  A sphinx skeleton (Vaults:2)
  13 spiny frogs
  6 elephants (Lair:8)
  A guardian serpent (shapeshifter) (Vaults:4)
  5 worldbinders (Abyss:1)
  9 salamanders
  A shining eye (Abyss:1)
  Maurice (D:9)
  15 sirens
  Joseph (Orc:4)
  An apocalypse crab (Abyss:1)
  2 gargoyles
  2 stone giant skeletons (Vaults:2)
  28 naga magi
  7 rust devils
  34 black mambas
  An orange crystal statue (D:15)
  12 vault sentinels
  5 centaur skeletons
  A tormentor (Abyss:1)
  3 kobold demonologists
  8 orange demons (Abyss:1)
  8 komodo dragons
  A hellion (Abyss:1)
  7 efreet
  23 yaktaurs
  A yaktaur (shapeshifter) (Vaults:2)
  3 hellwings
  15 smoke demons
  A spriggan druid (Lair:8)
  3 fire drakes
  2 yaktaur skeletons
  6 blue devils
  2 demonic crawlers (Elf:3)
  16 deep elf priests
  A troll (shapeshifter) (D:13)
  2 wandering mushrooms (Abyss:1)
  12 two-headed ogres
  A tengu conjurer (D:13)
  A storm dragon simulacrum (Depths:2)
  3 red devils
  11 trolls
  13 freezing wraiths
  50 merfolk
  11 ancient zymes (Abyss:1)
  5 polar bears
  Grinder (D:6)
  2 boulder beetles
  2 wind drakes
  2 ravens (Depths:1)
  2 fire giant simulacra
  10 raiju (Abyss:1)
  A frost giant simulacrum (Depths:2)
  3 human simulacra
  An ettin zombie (Abyss:1)
  21 redbacks
  An elf zombie (D:15)
  7 snapping turtles
  2 wyverns
  51 starcursed masses (Abyss:1)
  9 blink frogs
  5 flying skulls
  10 spriggans
  5 shadows
  3 basilisks
  9 ynoxinuls (Abyss:1)
  37 deep elf magi
  A spriggan (shapeshifter) (Vaults:4)
  11 water elementals
  A black mamba skeleton (Abyss:1)
  7 golden eyes (Abyss:1)
  42 yaks
  A chaos spawn (Abyss:1)
  3 vampires
  A death yak simulacrum (Depths:2)
  3 hungry ghosts
  Eustachio (D:7)
  4 hogs (D:15)
  4 mottled dragons
  A steam dragon (D:11)
  A spriggan simulacrum (Depths:2)
  3 tarantellas
  3 fire bats (Abyss:1)
  A hippogriff (shapeshifter) (Abyss:1)
  17 hippogriffs
  41 deep elf fighters
  2 yaktaur simulacra
  A soldier ant (D:15)
  10 wraiths
  7 neqoxecs (Abyss:1)
  55 nagas
  15 vampire mosquitoes
  A soldier ant (shapeshifter) (Depths:1)
  7 swamp worms (Lair:5)
  3 hell hounds
  7 wargs
  3 spatial vortices (Abyss:1)
  39 water moccasins
  13 porcupines
  29 wolves
  The ghost of hornqvist the Sneak, an average VSAs (D:3)
  35 large abominations
  37 ice beasts
  A black bear (shapeshifter) (Depths:2)
  2 deep troll skeletons (Vaults:2)
  5 wasps
  3 sky beasts
  38 orc warriors
  A swamp dragon zombie (Abyss:1)
  13 boggarts
  41 ogres
  8 black bears
  19 centaurs
  An orc skeleton (Vaults:2)
  A torpor snail zombie (D:15)
  3 brain worms
  3 boring beetles
  11 crocodiles
  29 giant frogs
  A gnoll sergeant (D:6)
  3 big kobolds
  A wyvern zombie (D:10)
  5 human skeletons (Vaults:2)
  4 scorpions
  A water moccasin zombie (D:7)
  A killer bee (shapeshifter) (Depths:1)
  An orc simulacrum (Vaults:1)
  A water moccasin skeleton (D:8)
  13 killer bees
  An electric eel (Lair:1)
  10 quasits
  7 wights
  2 goliath beetles
  41 small abominations (Abyss:1)
  Dowan (D:4)
  2 centaur zombies
  A giant frog skeleton (D:12)
  A wasp zombie (D:14)
  9 crimson imps
  A fire crab simulacrum (Vaults:1)
  A giant frog zombie (D:13)
  8 jellies
  Crazy Yiuf (D:3)
  A human zombie (Abyss:1)
  37 orc priests
  13 iguanas
  16 hounds
  50 orc wizards
  8 iron imps
  26 sheep
  12 hell rats
  10 worker ants
  A giant frog simulacrum (D:13)
  A hound skeleton (D:8)
  3 mummies
  A worker ant zombie (D:6)
  33 adders
  12 gnolls
  42 river rats
  2 giant mites
  10 shadow imps
  22 white imps
  15 worms
  12 ufetubi
  2 adder skeletons
  An adder zombie (D:7)
  2 orc zombies (Orc:4)
  4 giant geckos
  3 oozes (Lair:8)
  203 orcs
  23 ball pythons
  21 bats
  2 bat skeletons
  6 giant cockroaches
  27 goblins
  14 hobgoblins
  12 quokkas
  A giant gecko zombie (D:7)
  7 giant newts
  2 giant spores
  29 jackals
  36 kobolds
  A lurking horror (Abyss:1)
  22 rats
  19 spectral orcs (Lair:3)
  4 ballistomycetes
  A briar patch (Depths:3)
  A bush (D:15)
  2 fungi
  A plant (Sewer)
  4 starspawn tentacles (Abyss:1)
  A tentacle (Shoals:3)
2741 creatures vanquished.

Vanquished Creatures (collateral kills)
  Frederick (Vaults:3)
  Louise (Shoals:1)
  A vault guard (Vaults:3)
  Nessos (Shoals:1)
  5 merfolk avatars
  A griffon (Vaults:3)
  2 sirens (Shoals:1)
  A vault sentinel (Vaults:3)
  A drowned soul (Shoals:3)
  2 merfolk
  A water elemental (Shoals:3)
  A tarantella (Depths:2)
  A deep elf fighter (Depths:2)
  An ogre (Vaults:3)
  Duvessa (D:4)
  An elf simulacrum (Vaults:3)
  A starcursed mass (Abyss:1)
  A sheep (Shoals:3)
  A giant mite (D:5)
  An adder (D:4)
  A giant gecko (D:5)
  4 kobolds (Vaults:3)
31 creatures vanquished.

Vanquished Creatures (others)
  A fire giant (Depths:3)
  2 stone giants (Vaults:3)
  2 naga warriors
  An ice dragon (Vaults:3)
  A hydra (Lair:6)
  3 shock serpents
  A thrashing horror (Vaults:3)
  An orc high priest (Orc:4)
  A naga sharpshooter (Snake:5)
  An unseen horror (D:13)
  A spatial maelstrom (Vaults:3)
  3 deep elf knights (Elf:2)
  A shadow wraith (Vaults:3)
  2 ironbrand convokers (Vaults:3)
  2 deep elf conjurers
  A griffon (Vaults:3)
  An orc sorcerer (Orc:4)
  A salamander (Snake:4)
  2 human skeletons (Vaults:3)
  2 guardian serpents
  4 air elementals
  A naga mage (Snake:5)
  5 fire elementals
  19 drowned souls
  2 yaktaurs (Shoals:3)
  A slime creature (Vaults:3)
  A stone giant simulacrum (Vaults:3)
  A starcursed mass (Vaults:3)
  A basilisk (Shoals:3)
  A dancing weapon (Shoals:3)
  A chaos spawn (Abyss:1)
  2 deep elf fighters
  An insubstantial wisp (Vaults:3)
  A neqoxec (Vaults:3)
  A hell hound (Shoals:1)
  An orc warrior (Orc:4)
  2 ice beasts
  A boggart (Depths:2)
  A centaur (Shoals:4)
  A human zombie (Vaults:3)
  A lost soul (Elf:3)
  An elf skeleton (Vaults:3)
  An iron imp (Vaults:3)
  2 quasits
  2 orc wizards
  A white imp (Abyss:1)
  An ufetubus (Vaults:3)
  3 lurking horrors (Abyss:1)
  5 fungi
  20 plants
  64 starspawn tentacles
  649 starspawn tentacle segments
  8 tentacles (Shoals:3)
  185 tentacle segments (Shoals:3)
1021 creatures vanquished.

Grand Total: 3793 creatures vanquished

Notes
Turn   | Place    | Note
--------------------------------------------------------------
     0 | D:1      | Monkaria, the Minotaur Chaos Knight, began the quest for the Orb.
     0 | D:1      | Reached XP level 1. HP: 19/19 MP: 1/1
     7 | D:1      | XOM: harmless Fire miscast
   121 | D:1      | XOM: potion effect (berserk rage)
   227 | D:1      | XOM: divination: detect items
   248 | D:1      | Reached skill level 4 in Long Blades
   434 | D:1      | Reached XP level 2. HP: 25/27 MP: 1/1
   647 | D:1      | XOM: potion effect (brilliance)
   693 | D:1      | XOM: harmless Erth miscast
   708 | D:2      | XOM: silly message
   811 | D:2      | Reached XP level 3. HP: 33/33 MP: 2/2
   910 | D:2      | XOM: divination: detect creatures
   927 | D:2      | Reached skill level 5 in Long Blades
  1024 | D:2      | XOM: harmless Chrm miscast
  1028 | D:2      | Reached XP level 4. HP: 28/41 MP: 2/2
  1030 | D:2      | XOM: harmless Trmt miscast
  1172 | D:2      | XOM: silly message
  1327 | D:3      | XOM: harmless Necr miscast
  1401 | D:3      | Noticed hornqvist's ghost (average VSAs)
  1407 | D:3      | Killed hornqvist's ghost
  1407 | D:3      | Reached skill level 5 in Fighting
  1407 | D:3      | Reached skill level 6 in Long Blades
  1407 | D:3      | Reached XP level 5. HP: 35/48 MP: 2/2
  1475 | D:3      | XOM: confuse monster(s)
  1714 | D:3      | Reached skill level 7 in Long Blades
  1714 | D:3      | Reached XP level 6. HP: 56/56 MP: 3/3
  1976 | D:3      | Noticed Crazy Yiuf
  1980 | D:3      | Killed Crazy Yiuf
  2353 | D:4      | XOM is BORED!
  2353 | D:4      | XOM: noise
  2461 | D:4      | XOM: harmless Erth miscast
  2466 | D:4      | XOM: give mutations
  2466 | D:4      | Gained mutation: You are partially covered in molten scales (AC +1). [Xom's grace]
  2466 | D:4      | Gained mutation: Your mind is acute. (Int +2) [Xom's grace]
  2485 | D:4      | XOM: silly message
  2597 | D:4      | XOM: summons 2 hostile demons
  2694 | D:4      | XOM is BORED!
  2694 | D:4      | XOM: noise
  2725 | D:4      | Noticed Duvessa
  2725 | D:4      | Noticed Dowan
  2725 | D:4      | XOM: summons friendly iron imp
  2739 | D:4      | Killed Duvessa
  2744 | D:4      | Killed Dowan
  2844 | D:4      | Reached skill level 8 in Long Blades
  2924 | D:5      | Entered Level 5 of the Dungeon
  2928 | D:5      | Gained mutation: You are clumsy. (Dex -2) [potion of mutation]
  2928 | D:5      | Gained mutation: You have difficulty communicating with the divine. [potion of mutation]
  2928 | D:5      | Gained mutation: You are partially covered in iridescent scales (AC +4). [potion of mutation]
  2960 | D:5      | Reached XP level 7. HP: 48/64 MP: 3/3
  3241 | D:5      | Found Skifaok's Book Emporium.
  3431 | D:5      | XOM: enchant monster (good)
  3444 | D:5      | Found a glowing drain.
  3453 | Sewer    | Entered a sewer
  3612 | Sewer    | XOM: god gift: long sword {god gift}
  3630 | Sewer    | XOM: divination: detect items
  3681 | Sewer    | XOM: harmless Erth miscast
  3835 | Sewer    | XOM: divination: detect creatures
  4233 | D:5      | Found a snail-covered altar of Cheibriados.
  4268 | D:6      | Noticed Grinder
  4277 | D:6      | Killed Grinder
  4277 | D:6      | Reached skill level 9 in Long Blades
  4331 | D:6      | XOM: harmless Trmt miscast
  4346 | D:6      | Reached XP level 8. HP: 48/73 MP: 3/3
  4483 | D:6      | Found Plosuk's Gadget Emporium.
  4488 | D:6      | Reached skill level 10 in Long Blades
  4550 | D:6      | XOM: summons 4 hostile demons
  4884 | D:6      | Found a staircase to the Ecumenical Temple.
  4890 | Temple   | Entered the Ecumenical Temple
  5034 | D:6      | XOM: noise
  5144 | D:6      | Found a shattered altar of Ashenzari.
  5214 | D:6      | Found a bloodstained altar of Trog.
  5391 | D:6      | Got a warped scale mail
  5595 | D:6      | XOM: give mutations
  5595 | D:6      | Lost mutation: Your mind is acute. (Int +2) [Xom's mischief]
  5595 | D:6      | Gained mutation: Scrolls take you a little longer to read. [Xom's mischief]
  6027 | D:7      | Noticed Eustachio
  6054 | D:7      | Killed Eustachio
  6054 | D:7      | Reached skill level 5 in Armour
  6327 | D:7      | Reached XP level 9. HP: 66/81 MP: 4/4
  6606 | D:7      | Identified a scroll of acquirement
  6618 | D:7      | XOM is BORED!
  6618 | D:7      | XOM: medium Hex miscast
  7199 | D:7      | Got a steaming hunting sling
  7271 | D:7      | Identified the +4 hunting sling of the Tooth {speed, rN++ Str+3 Int+5} (You found it on level 7 of the Dungeon)
  7284 | D:7      | Identified the +6 scale mail of Dom Gado {Str+5 Dex+3} (You found it on level 6 of the Dungeon)
  7339 | D:8      | Reached skill level 1 in Evocations
  7427 | D:8      | Reached skill level 5 in Evocations
  7496 | D:8      | XOM: enchant monster (bad)
  7532 | D:8      | Reached skill level 10 in Armour
  7536 | D:8      | Gained mutation: You expend magic power (3 MP) to slightly strengthen your wands. [mutagenic meat]
  7611 | D:8      | Found a staircase to the Lair.
  7612 | D:8      | Noticed Antondotnet's ghost (experienced DrWz)
  7630 | D:8      | Reached XP level 10. HP: 69/88 MP: 14/14
  7633 | D:8      | Reached skill level 11 in Armour
  7645 | D:8      | XOM: silly message
  7659 | D:8      | Killed Antondotnet's ghost
  7671 | D:8      | XOM: confuse monster(s)
  7681 | D:8      | XOM: summons friendly crimson imp
  7691 | D:8      | Reached skill level 12 in Armour
  7881 | D:9      | XOM: scenery: create altars
  8015 | D:9      | Noticed Maurice
  8024 | D:9      | Killed Maurice
  8032 | D:9      | XOM: silly message
  8201 | D:9      | Reached skill level 13 in Armour
  8687 | D:10     | Entered Level 10 of the Dungeon
  8837 | D:10     | Noticed Harold
  8852 | D:10     | Killed Harold
  8852 | D:10     | Reached skill level 5 in Dodging
  9029 | D:10     | Found Jodghieto's Antique Weapon Shoppe.
  9142 | D:10     | Found a staircase to the Orcish Mines.
  9177 | D:10     | Got a heavily runed ring mail
  9188 | D:10     | Identified the -1 ring mail of Impressiveness {rF+ Dex+3} (You found it on level 10 of the Dungeon)
  9442 | Lair:1   | Entered Level 1 of the Lair of Beasts
  9679 | Lair:1   | Reached XP level 11. HP: 92/94 MP: 15/15
 10281 | Lair:1   | XOM: medium Chrm miscast
 10614 | D:11     | Noticed Erolcha
 10614 | D:11     | XOM: mild Ice miscast
 10625 | D:11     | Cast into the Abyss (Erolcha)
 10625 | Abyss:1  | Found a corrupted altar of Lugonu.
 10674 | Abyss:1  | Noticed a mottled draconian
 10699 | Abyss:1  | Noticed a hell hog
 10703 | Abyss:1  | XOM: enchant monster (good)
 10709 | Abyss:1  | Killed a hell hog
 10713 | Abyss:1  | Noticed a hell hog
 10714 | Abyss:1  | Noticed a hell hog
 10714 | Abyss:1  | XOM: confuse monster(s)
 10715 | Abyss:1  | Noticed a hell hog
 10715 | Abyss:1  | Fell from the grace of Xom
 10715 | Abyss:1  | Became a worshipper of Lugonu the Unformed
 10715 | Abyss:1  | Acquired Lugonu's first power
 10716 | D:11     | Escaped the Abyss
 10723 | D:11     | Killed Erolcha
 10774 | D:11     | Reached skill level 10 in Dodging
 10961 | D:11     | XOM: summons 5 hostile shadow creatures
 10962 | D:11     | Noticed a centaur warrior
 10978 | D:12     | Reached skill level 1 in Invocations
 11008 | D:12     | Noticed a hill giant
 11030 | D:12     | Killed a hill giant
 11051 | D:12     | XOM: summons 2 hostile shadow creatures
 11136 | D:11     | Reached skill level 5 in Invocations
 11159 | D:11     | Gained mutation: You are partially covered in rugged brown scales (AC +1, +3% HP). [mutagenic meat]
 11160 | D:11     | Gained mutation: You have sharp toenails. [mutagenic meat]
 11174 | D:11     | Noticed a hill giant
 11199 | D:11     | Killed a hill giant
 11334 | D:11     | Noticed Josephine
 11350 | D:11     | Killed Josephine
 11357 | D:11     | Reached XP level 12. HP: 67/105 MP: 17/19
 11484 | D:11     | Gained mutation: You can spit poison. [mutagenic meat]
 11485 | D:11     | Gained mutation: Your natural rate of healing is unusually fast. [mutagenic meat]
 11545 | D:11     | XOM: give mutation
 11545 | D:11     | Lost mutation: You can spit poison. [Xom's mischief]
 11816 | D:11     | Killed an unseen horror
 12031 | D:11     | XOM: mild Ice miscast
 12197 | D:11     | XOM: medium Chrm miscast
 12389 | D:11     | XOM: summons 11 hostile demons
 12665 | D:12     | Acquired Lugonu's second power
 12737 | D:12     | Reached skill level 10 in Invocations
 12750 | D:12     | XOM: give mutations
 12750 | D:12     | Lost mutation: You are partially covered in molten scales (AC +1). [Xom's mischief]
 12750 | D:12     | Gained mutation: Your flesh is heat resistant. [Xom's mischief]
 12767 | D:12     | XOM: mild Air miscast
 12966 | D:12     | Found Etulast's Gadget Boutique.
 12988 | D:12     | XOM: god gift: twisted jade amulet {god gift}
 13161 | D:12     | Noticed a six-headed hydra
 13172 | D:12     | Killed a six-headed hydra
 13227 | D:12     | XOM: mild Pois miscast
 13595 | Lair:2   | XOM: medium Divn miscast
 13675 | Lair:2   | XOM: noise
 13758 | Lair:2   | Acquired Lugonu's third power
 14339 | Lair:3   | Noticed Nergalle
 14460 | Lair:2   | XOM: medium Erth miscast
 15097 | Lair:3   | XOM: mild Tloc miscast
 15170 | Lair:4   | XOM: mild Hex miscast
 15217 | Lair:4   | XOM: medium Necr miscast
 15273 | Lair:4   | Reached XP level 13. HP: 101/110 MP: 24/24
 15344 | Lair:4   | XOM: medium Conj miscast
 15487 | Lair:4   | Noticed a six-headed hydra
 15501 | Lair:4   | Killed a six-headed hydra
 15612 | Lair:4   | XOM: noise
 15813 | Lair:4   | XOM: mild Trmt miscast
 15869 | Lair:4   | Found a staircase to the Shoals.
 16246 | Lair:5   | Found a frozen archway.
 16274 | IceCv    | Entered an ice cave
 16289 | IceCv    | Reached skill level 14 in Long Blades
 16421 | IceCv    | Got a blackened ring mail
 16436 | IceCv    | Identified Mas Nut's Guide on Enhancements and Poisoning
 16457 | IceCv    | Identified the +2 ring mail of Panentheism {rCorr} (You found it in an ice cave)
 16951 | Lair:5   | Acquired Lugonu's fourth power
 17396 | Lair:5   | Noticed kober's ghost (powerful MfTm)
 17474 | Lair:5   | Killed kober's ghost
 17653 | Lair:5   | Reached skill level 10 in Fighting
 18057 | Lair:3   | XOM: cast spell 'Stoneskin'
 18088 | Lair:2   | XOM: noise
 18113 | Lair:2   | XOM: noise
 18224 | Lair:2   | XOM: mild Hex miscast
 18337 | Lair:6   | Found a staircase to the Snake Pit.
 18712 | Lair:6   | XOM: mild Conj miscast
 19396 | Lair:6   | XOM: medium Pois miscast
 19505 | Lair:6   | Reached skill level 10 in Evocations
 19678 | Lair:7   | Acquired Lugonu's fifth power
 19755 | Lair:7   | Reached XP level 14. HP: 107/127 MP: 25/25
 19767 | Lair:7   | XOM: medium Erth miscast
 19767 | Lair:7   | Was forgiven by Xom
 19985 | Lair:7   | Got a dazzling chain mail
 19996 | Lair:7   | Identified the +6 chain mail "Deafe" {rElec rPois rF- MP+9 Stlth+} (You found it on level 7 of the Lair of Beasts)
 20014 | Lair:8   | Entered Level 8 of the Lair of Beasts
 20016 | Lair:8   | Found a runed door.
 20017 | Lair:8   | Found a viscous altar of Jiyva.
 20046 | Lair:8   | Got a transparent chain mail
 20057 | Lair:8   | Identified the +0 chain mail of the Valley of Death {rPois Str+10 Stlth-} (You found it on level 8 of the Lair of Beasts)
 20139 | Lair:8   | Reached XP level 15. HP: 117/132 MP: 26/26
 20230 | Lair:8   | Reached skill level 1 in Shields
 20734 | Lair:8   | Lost mutation: You have sharp toenails. [potion of cure mutation]
 20734 | Lair:8   | Lost mutation: You are clumsy. (Dex -2) [potion of cure mutation]
 20734 | Lair:8   | Lost mutation: You have difficulty communicating with the divine. [potion of cure mutation]
 20734 | Lair:8   | Lost mutation: Your flesh is heat resistant. [potion of cure mutation]
 21177 | Lair:8   | Found a staircase to the Slime Pits.
 21578 | D:10     | Bought a blowgun for 65 gold pieces
 21749 | Orc:1    | Entered Level 1 of the Orcish Mines
 22119 | Orc:2    | Found Shryaxto's Gadget Boutique.
 22154 | Orc:2    | Bought a wand of heal wounds (3) for 504 gold pieces
 22285 | Orc:1    | Reached skill level 15 in Armour
 22545 | Orc:2    | Found an iron altar of Okawaru.
 22732 | Orc:3    | Found Vuaqiwko's Weapon Shoppe.
 23038 | Orc:3    | Noticed wvc's ghost (powerful HEHu)
 23094 | Orc:3    | Killed wvc's ghost
 23144 | Orc:3    | Paralysed by an orc sorcerer for 2 turns
 23517 | Orc:3    | Reached skill level 15 in Long Blades
 23532 | Orc:3    | Found Hyzyucy's Assorted Antiques.
 23840 | Orc:4    | Entered Level 4 of the Orcish Mines
 23951 | Orc:4    | Found a staircase to the Elven Halls.
 24272 | Orc:4    | Noticed Joseph
 24325 | Orc:4    | Killed Joseph
 24529 | Orc:4    | Noticed Urug
 24548 | Orc:4    | Killed Urug
 24976 | Orc:4    | Found Plychayt's Magic Scroll Shoppe.
 24976 | Orc:4    | Found Craacwol's Antique Weapon Shoppe.
 24976 | Orc:4    | Found Desollext's Antique Weapon Emporium.
 24995 | Orc:4    | Found Iggi's Weapon Emporium.
 25014 | Orc:4    | Paralysed by an orc sorcerer for 4 turns
 25074 | Orc:4    | Bought a scroll of brand weapon for 280 gold pieces
 25074 | Orc:4    | Bought a scroll of identify for 28 gold pieces
 25074 | Orc:4    | Bought a scroll of teleportation for 42 gold pieces
 25074 | Orc:4    | Bought a scroll of blinking for 105 gold pieces
 25078 | Orc:4    | Bought an ancient falchion for 192 gold pieces
 25080 | Orc:4    | Bought a scroll of fog for 28 gold pieces
 25080 | Orc:4    | Bought a scroll of holy word for 105 gold pieces
 25080 | Orc:4    | Bought a scroll of summoning for 133 gold pieces
 25080 | Orc:4    | Bought 3 scrolls of magic mapping for 147 gold pieces
 25085 | Orc:4    | Identified the +8 falchion of Laceration {freeze, rElec Str+4} (You bought it in a shop on level 4 of the Orcish Mines)
 25260 | Orc:3    | Bought a potion of invisibility for 192 gold pieces
 25260 | Orc:3    | Bought a scroll of fog for 48 gold pieces
 25260 | Orc:3    | Bought a scroll of recharging for 228 gold pieces
 25260 | Orc:3    | Bought a potion of curing for 72 gold pieces
 25260 | Orc:3    | Bought a scroll of enchant weapon for 180 gold pieces
 25896 | D:13     | Found a gate to the Vaults.
 26931 | D:14     | Reached XP level 16. HP: 135/141 MP: 29/29
 26940 | D:14     | Got a spiked hat
 26946 | D:14     | Identified the +0 hat of Bromymakhlir {rN+ MR- Stlth+} (You found it on level 14 of the Dungeon)
 27308 | D:14     | Found a gate to the Vaults.
 27394 | D:14     | Gained mutation: Your spells are a little harder to cast, but a little more powerful. [mutagenic meat]
 27395 | D:14     | Gained mutation: Your system is resistant to poisons. [mutagenic meat]
 28195 | D:15     | Entered Level 15 of the Dungeon
 28216 | D:15     | Found a radiant altar of Vehumet.
 28348 | D:15     | Found a staircase to the Depths.
 28769 | D:15     | Reached skill level 16 in Long Blades
 28796 | D:15     | Noticed Kirke
 28820 | D:15     | Killed Kirke
 29819 | Snake:1  | Entered Level 1 of the Snake Pit
 29983 | Snake:1  | Gained mutation: Your body is slowly deteriorating. [potion of mutation]
 30395 | Snake:1  | Reached skill level 17 in Long Blades
 32021 | Snake:3  | Gained mutation: Scrolls take you longer to read. [mutagenic meat]
 32022 | Snake:3  | Lost mutation: Scrolls take you longer to read. [mutagenic meat]
 33101 | Snake:4  | Got a spiked scale mail
 33116 | Snake:3  | Identified the +6 scale mail of the Mackerel {rCorr Int+4} (You found it on level 4 of the Snake Pit)
 33130 | Snake:4  | Noticed Aizul
 33146 | Snake:4  | Killed Aizul
 33508 | Snake:4  | Reached skill level 15 in Dodging
 33522 | Snake:4  | Reached XP level 17. HP: 118/148 MP: 9/30
 34070 | Snake:4  | Gained mutation: You are somewhat resistant to further mutation. [mutagenic meat]
 34071 | Snake:4  | Gained mutation: You passively map a small area around you. [mutagenic meat]
 34842 | Abyss:1  | Found a roughly hewn altar of Beogh.
 35004 | Snake:4  | Escaped the Abyss
 35553 | Lair:3   | Killed Nergalle
 35783 | Snake:5  | Entered Level 5 of the Snake Pit
 36617 | Snake:5  | Noticed Asterion
 36657 | Snake:4  | Killed Asterion
 38243 | Snake:5  | Reached skill level 15 in Fighting
 38307 | Snake:5  | Got a serpentine rune of Zot
 38760 | Snake:5  | Reached XP level 18. HP: 153/167 MP: 31/31
 39293 | Shoals:1 | Entered Level 1 of the Shoals
 39358 | Shoals:1 | Reached skill level 1 in Throwing
 39381 | Shoals:1 | Got an encrusted hand axe
 39457 | Shoals:1 | Found Aseovues' Food Boutique.
 39669 | Shoals:1 | Noticed Louise
 39675 | Shoals:1 | Cast into the Abyss (Louise)
 39693 | Abyss:1  | Gained mutation: Armour fits poorly on your strangely shaped body. [a shining eye]
 40118 | Abyss:1  | Reached skill level 5 in Throwing
 40383 | Shoals:1 | Escaped the Abyss
 40408 | Shoals:1 | Killed Louise
 40421 | Shoals:1 | Noticed Nessos
 40431 | Shoals:1 | Killed Nessos
 40798 | Shoals:2 | HP: 2/167 [drowned by a water nymph (13)]
 41237 | Lair:1   | Identified the +4 hand axe of Premature Burial {freeze, rN+} (You found it on level 1 of the Shoals)
 43488 | Shoals:4 | Reached skill level 10 in Throwing
 43517 | Shoals:4 | Noticed Roxanne
 43784 | Shoals:4 | Killed Roxanne
 43799 | Shoals:4 | Noticed Agnes
 43815 | Shoals:4 | Killed Agnes
 44599 | Shoals:4 | Reached skill level 18 in Long Blades
 44641 | Shoals:5 | Entered Level 5 of the Shoals
 44926 | Shoals:5 | Got a barnacled rune of Zot
 44964 | Shoals:5 | Reached XP level 19. HP: 89/175 MP: 31/31
 45204 | Shoals:5 | Reached skill level 19 in Long Blades
 45807 | Shoals:5 | Noticed Ilsuiw
 46232 | Shoals:5 | Killed Ilsuiw
 46738 | Elf:1    | Entered Level 1 of the Elven Halls
 46810 | Elf:1    | Noticed Nikola
 46826 | Elf:1    | Killed Nikola
 47753 | Elf:2    | Found Nouleut's Armour Boutique.
 48222 | Elf:2    | Found a huge runed gate.
 48222 | Elf:2    | Found a huge runed gate.
 48222 | Elf:2    | Found a huge runed gate.
 48225 | Elf:2    | Found a huge runed gate.
 48228 | Elf:2    | Found a huge runed gate.
 48564 | Elf:2    | Reached skill level 20 in Fighting
 49782 | Elf:3    | Entered Level 3 of the Elven Halls
 50234 | Elf:3    | Reached skill level 21 in Fighting
 50454 | Elf:3    | Reached XP level 20. HP: 203/203 MP: 32/32
 50880 | Elf:3    | Escaped the Abyss
 52250 | Elf:3    | Escaped the Abyss
 52295 | Elf:3    | Cast into the Abyss (a deep elf sorcerer)
 52322 | Elf:3    | Escaped the Abyss
 52976 | Elf:3    | Cast into the Abyss (a deep elf sorcerer)
 53263 | Abyss:1  | Identified Lehudib's Reference Book on Confrontation (You found it on level 1 of the Abyss)
 53288 | Abyss:1  | Reached skill level 22 in Long Blades
 53603 | Abyss:1  | Gained mutation: You are weak. (Str -2) [a cacodemon]
 53810 | Abyss:1  | HP: 8/203 [eidolon/bolt of negative energy (25)]
 53811 | Elf:3    | Escaped the Abyss
 54359 | Elf:3    | Cast into the Abyss (a deep elf sorcerer)
 54706 | Elf:3    | Escaped the Abyss
 54718 | Elf:3    | Got a pitted long sword
 54782 | Elf:3    | Reached skill level 23 in Long Blades
 54782 | Elf:3    | Reached XP level 21. HP: 120/210 MP: 33/33
 54894 | Elf:3    | Identified The Lost Secrets of Spellcasting
 54931 | Elf:3    | Identified the +8 long sword of Haqueryl {venom, Dex+3} (You took it off a deep elf sorcerer on level 3 of the Elven Halls)
 55671 | Elf:3    | Got a pitted granite ring
 55682 | Elf:3    | Identified the Collected Works on Malediction (You found it on level 3 of the Elven Halls)
 55686 | Elf:3    | Identified the Incunabulum of the Traveller (You found it on level 3 of the Elven Halls)
 56079 | Lair:1   | Identified the ring "Strepo Streni" {rPois Int-4 Dex+4 Stlth-} (You took it off a deep elf sorcerer on level 3 of the Elven Halls)
 56314 | Vaults:1 | Entered Level 1 of the Vaults
 56941 | Vaults:1 | Got a shadowed robe
 57346 | Vaults:1 | Reached skill level 24 in Fighting
 58295 | Vaults:2 | Reached skill level 25 in Fighting
 58350 | Vaults:2 | Found a staircase to the Crypt.
 58487 | Vaults:2 | Found Primaeru's Weapon Emporium.
 60104 | Lair:1   | Identified the +3 robe "Ravel" {rC+ Str+3} (You found it on level 1 of the Vaults)
 60605 | Vaults:3 | Hired Kuphie the deep elf conjurer for 587 gold.
 60940 | Vaults:3 | Noticed Frederick
 60960 | Vaults:3 | Killed Frederick
 60960 | Vaults:3 | Reached XP level 22. HP: 50/234 MP: 27/33
 60960 | Vaults:3 | HP: 1/234 [spellforged servitor/iron shot[Frederick] (49)]
 61333 | Vaults:3 | Reached skill level 26 in Fighting
 61396 | Vaults:3 | Your ally Kuphie died
 61977 | Abyss:1  | Paralysed by accursed screaming for 1 turns
 61983 | Abyss:1  | Paralysed by accursed screaming for 1 turns
 62173 | Abyss:1  | Paralysed by accursed screaming for 1 turns
 62427 | Vaults:3 | Escaped the Abyss
 62428 | Vaults:3 | Corrupted Vaults:3
 63013 | Vaults:3 | Reached skill level 27 in Fighting
 63892 | Vaults:4 | Found Khous Duhoth's Weapon Boutique.
 64021 | Vaults:4 | Lost mutation: Armour fits poorly on your strangely shaped body. [mutagenic meat]
 64025 | Vaults:4 | Gained mutation: You are agile. (Dex +2) [mutagenic meat]
 64027 | Vaults:4 | Lost mutation: You are partially covered in iridescent scales (AC +4). [mutagenic meat]
 64028 | Vaults:4 | Lost mutation: Your spells are a little harder to cast, but a little more powerful. [mutagenic meat]
 66472 | Depths:1 | Entered Level 1 of the Depths
 66511 | Depths:1 | Found Foejom's Antique Weapon Emporium.
 66537 | Depths:1 | Found a flickering gateway to a bazaar.
 66550 | Bazaar   | Entered a bazaar
 66550 | Bazaar   | Found Sofueh Takecs' General Store.
 66550 | Bazaar   | Found Cahuriaf's Weapon Shoppe.
 66551 | Bazaar   | Found Vaelea's Food Shoppe.
 66552 | Bazaar   | Found Them's Magic Scroll Boutique.
 66552 | Bazaar   | Found Tafoetov's Book Shop.
 66594 | Bazaar   | Bought a scroll of recharging for 142 gold pieces
 66594 | Bazaar   | Bought a scroll of enchant armour for 112 gold pieces
 66629 | Bazaar   | Bought a potion of magic for 152 gold pieces
 66629 | Bazaar   | Bought a scroll of enchant weapon for 142 gold pieces
 66635 | Bazaar   | Bought 3 scrolls of fear for 157 gold pieces
 66635 | Bazaar   | Bought a scroll of teleportation for 45 gold pieces
 66635 | Bazaar   | Bought a scroll of magic mapping for 52 gold pieces
 66635 | Bazaar   | Bought a scroll of teleportation for 45 gold pieces
 66635 | Bazaar   | Bought a scroll of identify for 30 gold pieces
 66635 | Bazaar   | Bought a scroll of remove curse for 45 gold pieces
 66635 | Bazaar   | Bought a scroll of identify for 30 gold pieces
 66635 | Bazaar   | Bought a scroll of identify for 30 gold pieces
 66635 | Bazaar   | Bought a scroll of remove curse for 45 gold pieces
 66747 | Depths:1 | Found a gateway to Hell.
 66831 | Depths:1 | Noticed Wiglaf
 66841 | Depths:1 | Killed Wiglaf
 66907 | Depths:1 | Found Moes' Food Boutique.
 66975 | Depths:1 | Lost mutation: Scrolls take you a little longer to read. [mutagenic meat]
 67038 | Depths:1 | Found a corrupted altar of Lugonu.
 67056 | Depths:1 | Found a one-way gate to the infinite horrors of the Abyss.
 67126 | Depths:1 | Gained mutation: You can breathe flames. [mutagenic meat]
 67209 | Depths:1 | Found a runed door.
 67230 | Depths:1 | Reached XP level 23. HP: 236/247 MP: 34/34
 67673 | Depths:1 | Lost mutation: You are agile. (Dex +2) [mutagenic meat]
 67843 | Depths:2 | Noticed a shard shrike
 67856 | Depths:2 | Killed a shard shrike
 68717 | Depths:2 | Got an opalescent robe
 68728 | Depths:2 | Found a radiant altar of Vehumet.
 68868 | Depths:2 | Identified the Handbook of Assistive Orientation
 68904 | Depths:2 | Noticed WhatIsLove's ghost (mighty FoFi)
 69486 | Abyss:1  | Paralysed by accursed screaming for 1 turns
 69531 | Abyss:1  | Found a corrupted altar of Lugonu.
 69557 | Abyss:1  | Found a corrupted altar of Lugonu.
 69924 | Abyss:1  | Found a corrupted altar of Lugonu.
 69940 | Depths:2 | Escaped the Abyss
 70791 | Depths:2 | Killed WhatIsLove's ghost
 71033 | Depths:2 | Got a shimmering plate armour
 71054 | Depths:2 | Identified the +1 plate armour "Hannil" {rElec rCorr Dex+4} (You found it on level 2 of the Depths)
 71541 | Lair:1   | Identified the +1 robe of Vanity {Int+4 Dex-5 Slay+3} (You found it on level 2 of the Depths)
 72684 | Depths:2 | Escaped the Abyss
 73784 | Depths:2 | Found a stormy altar of Qazlal.
 74145 | Depths:2 | Gained mutation: Scrolls take you a little longer to read. [mutagenic meat]
 74146 | Depths:2 | Gained mutation: You are partially covered in thin metallic scales (AC +2). [mutagenic meat]
 74167 | Depths:2 | Found a shadowy altar of Dithmenos.
 74230 | Depths:2 | Reached XP level 24. HP: 222/256 MP: 34/34
 74264 | Depths:2 | Found a blossoming altar of Fedhas.
 74916 | Depths:3 | Noticed Jory
 74940 | Depths:3 | Killed Jory
 75209 | Depths:3 | Found a gateway to a ziggurat.
 75427 | Depths:3 | HP: 5/256 [enormous slime creature (32)]
 75427 | Depths:3 | Slain by a phantasmal warrior

Action                   |  1- 3 |  4- 6 |  7- 9 | 10-12 | 13-15 | 16-18 | 19-21 | 22-24 || total
-------------------------+-------+-------+-------+-------+-------+-------+-------+-------++-------
Melee: Falchion          |    74 |   158 |    77 |       |   132 |       |       |    10 ||   451
       Long sword        |       |       |   159 |       |       |       |       |       ||   159
       Scimitar          |       |       |   198 |   794 |  1557 |  2025 |  2202 |  1250 ||  8026
       Flail             |       |       |       |     6 |    32 |       |       |       ||    38
       Great sword       |       |       |       |       |       |       |       |   780 ||   780
 Fire: Blowgun           |       |       |       |       |       |       |    20 |       ||    20
Throw: Tomahawk          |       |       |       |       |     2 |       |     1 |     1 ||     4
Invok: Depart the Abyss  |       |       |       |     1 |       |     2 |     3 |     1 ||     7
       Bend Space        |       |       |       |     3 |     3 |     6 |     6 |     8 ||    26
       Banish            |       |       |       |       |     5 |    18 |       |       ||    23
       Enter the Abyss   |       |       |       |       |       |     1 |     2 |     3 ||     6
       Corrupt           |       |       |       |       |       |       |       |     1 ||     1
 Abil: Evoke Invisibilit |       |       |       |       |       |       |       |     2 ||     2
Evoke: Wand              |       |       |     5 |     7 |     1 |    16 |    33 |     4 ||    66
       Deck              |       |       |       |       |       |    12 |     1 |    14 ||    27
       Fan of gales      |       |       |       |       |       |     2 |     2 |       ||     4
       Lamp of fire      |       |       |       |       |       |       |     1 |     8 ||     9
  Use: Scroll            |     6 |     6 |    10 |     5 |    21 |    12 |    16 |    14 ||    90
       Potion            |       |     1 |     3 |     3 |     4 |     5 |     6 |     5 ||    27
 Stab: Confused          |       |     2 |       |       |       |       |       |       ||     2
       Paralysed         |       |       |     3 |    15 |       |    14 |     2 |       ||    34
       Fleeing           |       |       |     1 |       |     1 |       |       |       ||     2
       Petrifying        |       |       |       |     1 |       |     2 |       |       ||     3
       Petrified         |       |       |       |     1 |       |       |       |       ||     1
       Distracted        |       |       |       |       |       |     4 |       |       ||     4
  Eat: Chunk             |       |     7 |    15 |    24 |    50 |    71 |    50 |   114 ||   331
       Beef jerky        |       |       |       |     1 |       |     1 |     1 |     2 ||     5
       Meat ration       |       |       |       |     1 |       |       |       |       ||     1
       Pizza             |       |       |       |       |       |     1 |     1 |       ||     2
       Fruit             |       |       |       |       |       |       |       |     1 ||     1
